 Dungeon Crawl Stone Soup version 0.31.0-9-g3a7656b989 (webtiles) character file.

Game seed: 4618717862718418683

941 qw the Skirmisher (level 7, -1/40 HPs)
             Began as a Deep Elf Hunter on Feb 3, 2024.
             Incinerated by a bombardier beetle (3 damage)
             ... with a burning spray
             ... on level 5 of the Dungeon.
             The game lasted 00:01:16 (3316 turns).

qw the Skirmisher (Deep Elf Hunter)                 Turns: 3316, Time: 00:01:17

Health: -1/40      AC: 11    Str: 10    XL:     7   Next: 88%
Magic:  9/9        EV: 11    Int: 14    God:
Gold:   198        SH:  0    Dex: 18    Spells: 6/6 levels left

rFire   + . .        a - +2 shortbow
rCold   . . .        (shield currently unavailable)
rNeg    . . .        l - +0 ring mail
rPois   .            (no helmet)
rElec   .            o - +0 cloak
rCorr   .            (no gloves)
SInv    .            d - +0 pair of boots
Will    .....        c - amulet of faith
Stlth   +            e - +4 ring of protection
HPRegen 0.26/turn    p - ring of protection from fire
MPRegen 0.11/turn

%: faith
@: on fire, glowing
A: no striking features
a: no special abilities


You were on level 5 of the Dungeon.
You visited 1 branch of the dungeon, and saw 5 of its levels.

You collected 198 gold pieces.


   Skills:
 - Level 2.4 Fighting
 + Level 11.8 Ranged Weapons
 - Level 1.7 Armour
 - Level 3.3 Dodging
 - Level 1.2 Stealth


You had 6 spell levels left.
You didn't know any spells.
Your spell library was empty.

Inventory:

Hand Weapons
 a - a +2 shortbow (weapon)
Armour
 d - a +0 pair of boots (worn)
 l - a +0 ring mail (worn)
 o - a +0 cloak (worn)
Jewellery
 c - an amulet of faith (around neck)
 e - a +4 ring of protection (left hand)
 j - a ring of ice
 p - a ring of protection from fire (right hand)
Wands
 g - a wand of roots (10)
Potions
 f - 2 potions of enlightenment
 h - 2 potions of curing
 k - 2 potions of mutation

Dungeon Overview and Level Annotations

Branches:
Dungeon (5/15)
 Temple: D:4-7

Altars:
Hepliaklqana
Sif Muna
Trog

Shops:
D:2 [*


Message History

You destroy the phantom!
The liquid fire burns you!
You shoot an arrow.
The arrow closely misses the bombardier beetle.
The liquid fire burns you! The bombardier beetle misses you.
You shoot an arrow.
The arrow hits the bombardier beetle but does no damage.
The bombardier beetle is heavily wounded.
The liquid fire burns you!
You shoot an arrow. The arrow hits the bombardier beetle!
The bombardier beetle is almost dead.
The liquid fire burns you!
The bombardier beetle sprays incendiary fluid at you.
The burning spray hits you.
You are even more covered in liquid fire!
You shoot an arrow.
The arrow hits the bombardier beetle but does no damage.
The bombardier beetle is almost dead.
The liquid fire burns you!
The bombardier beetle sprays incendiary fluid at you.
The burning spray hits you.
You are even more covered in liquid fire!
You shoot an arrow.
The arrow closely misses the bombardier beetle.
The liquid fire burns you!
You shoot an arrow.
The arrow hits the bombardier beetle but does no damage.
The bombardier beetle is almost dead.
The liquid fire burns you!
The bombardier beetle sprays incendiary fluid at you.
The burning spray misses you.
You shoot an arrow. The arrow hits the bombardier beetle!
You kill the bombardier beetle!
The liquid fire burns you!
You are on fire!
The liquid fire burns you!
You are on fire!
The liquid fire burns you!
You die...

.#..#......# .......
...##......# ....... ##.#
.....## ###.......
##.#........ .........
............ ..%......
#.##.# .....# ##........
..# .#..(....#####.........
#.............#.#....).....
###.##... #.....@%...#...#.
....###.#.##.)....#### .#
%##........###.####
.##.##.##.....##
.......#..###.####
.#.##..#...#.....#
...#.............###
[............##....###
......#(%..##.(......#


There were no monsters in sight!

Vanquished Creatures
  Edmund (D:4)
  2 black bears
  An orc warrior (D:4)
  An ogre (D:5)
  A phantom (D:5)
  A scorpion (D:4)
  A bombardier beetle (D:5)
  An iguana (D:5)
  4 orc wizards
  9 adders
  A shadow imp (D:5)
  2 dart slugs (D:1)
  3 ribbon worms
  7 orcs
  5 ball pythons
  9 bats
  6 endoplasms
  3 giant cockroaches
  9 hobgoblins
  3 jackals (D:4)
  3 kobolds
  A quokka (D:2)
  4 frilled lizards
  11 goblins
  2 rats
91 creatures vanquished.

Notes
Turn   | Place    | Note
-------+----------+-------------------------------------------
     0 | D:1      | qw the Deep Elf Hunter began the quest for the Orb.
     0 | D:1      | Reached XP level 1. HP: 12/12 MP: 3/3
     0 | D:1      | 0 ||| qw: Version: 0.3-a-155-g5e7d8dd
     0 | D:1      | 0 ||| qw: Game counter: 2935
     0 | D:1      | 0 ||| qw: Melee chars always use a shield: true
     0 | D:1      | 0 ||| qw: God list: Okawaru
     0 | D:1      | 0 ||| qw: Allow faded altars: false
     0 | D:1      | 0 ||| qw: Do Orc after clearing Dungeon:15 true
     0 | D:1      | 0 ||| qw: Do second Lair branch before Depths: true
     0 | D:1      | 0 ||| qw: Lair rune preference: random
     0 | D:1      | 0 ||| qw: Goals: Normal
     0 | D:1      | 0 ||| PLANNING D:1-11
   116 | D:1      | Reached skill level 6 in Ranged Weapons
   116 | D:1      | Reached XP level 2. HP: 9/16 MP: 4/4
   598 | D:1      | Reached XP level 3. HP: 20/20 MP: 5/5
   624 | D:1      | 624 ||| UPGRADING to +0 pair of boots.
   629 | D:1      | 629 ||| READING 2 scrolls labelled DORAORH NUQUXKUASK.
   629 | D:1      | 629 ||| IDENTIFYING amethyst potion
   630 | D:1      | 630 ||| READING scroll of identify.
   630 | D:1      | 630 ||| IDENTIFYING smoky cyan potion
   631 | D:1      | 631 ||| READING scroll labelled OKHUHUMPUPNU.
   631 | D:1      | 631 ||| ENCHANTING +0 shortbow.
   632 | D:1      | 632 ||| DRINKING 2 sapphire potions.
   633 | D:1      | 633 ||| DROPPING scroll of butterflies.
   781 | D:2      | 781 ||| FLEEEEING.
   782 | D:2      | 782 ||| FLEEEEING.
   787 | D:2      | 787 ||| FLEEEEING.
   788 | D:2      | 788 ||| FLEEEEING.
   789 | D:2      | 789 ||| FLEEEEING.
   791 | D:2      | 791 ||| FLEEEEING.
   794 | D:2      | 794 ||| STAIRDANCE
   831 | D:2      | Found Yhaoce's Assorted Antiques.
   835 | D:2      | Reached skill level 7 in Ranged Weapons
   842 | D:2      | 842 ||| SHOPLISTING 2 scrolls labelled VAD JYFUXZISON (50
                  | gold, have 19).
   842 | D:2      | 842 ||| SHOPLISTING potion of curing (75 gold, have 19).
   842 | D:2      | 842 ||| SHOPLISTING potion of heal wounds (125 gold, have
                  | 19).
   842 | D:2      | 842 ||| SHOPLISTING scroll labelled ADYOPP DEAM (25 gold,
                  | have 19).
   872 | D:2      | 872 ||| FLEEEEING.
   873 | D:2      | 873 ||| FLEEEEING.
   958 | D:2      | Found Faekoel's Armour Shop.
   970 | D:2      | Reached XP level 4. HP: 25/25 MP: 6/6
   998 | D:2      | 998 ||| SHOPLISTING +1 leather armour of poison resistance
                  | (143 gold, have 56).
   998 | D:2      | 998 ||| SHOPLISTING +2 robe of willpower (230 gold, have
                  | 56).
  1290 | D:2      | 1290 ||| UPGRADING to +0 cloak.
  1295 | D:2      | 1295 ||| UPGRADING to +4 ring of protection.
  1296 | D:2      | 1296 ||| UPGRADING to ring of protection from fire.
  1297 | D:2      | 1297 ||| READING scroll of identify.
  1297 | D:2      | 1297 ||| IDENTIFYING clear potion
  1298 | D:2      | 1298 ||| READING scroll labelled MUABUT NOFAEWN.
  1299 | D:2      | 1299 ||| READING scroll labelled PALOYCK MAUWN.
  1300 | D:2      | 1300 ||| DROPPING potion of berserk rage.
  1362 | D:3      | Reached skill level 8 in Ranged Weapons
  1382 | D:3      | Found a hazy altar of Hepliaklqana.
  1598 | D:3      | Reached XP level 5. HP: 29/29 MP: 7/7
  1603 | D:3      | 1603 ||| FLEEEEING.
  1604 | D:3      | 1604 ||| FLEEEEING.
  1613 | D:3      | 1613 ||| DRINKING 3 potions of curing.
  1613 | D:3      | 1613 ||| (to cure confusion)
  1623 | D:3      | Reached skill level 9 in Ranged Weapons
  1727 | D:3      | 1727 ||| READING scroll of enchant weapon.
  1727 | D:3      | 1727 ||| ENCHANTING +1 shortbow.
  2013 | D:3      | 2013 ||| UPGRADING to +0 ring mail.
  2023 | D:3      | 2023 ||| DROPPING +0 leather armour.
  2024 | D:3      | 2024 ||| READING 2 scrolls of identify.
  2024 | D:3      | 2024 ||| IDENTIFYING fizzy blue potion
  2025 | D:3      | 2025 ||| READING scroll of identify.
  2025 | D:3      | 2025 ||| IDENTIFYING pink potion
  2026 | D:3      | 2026 ||| READING scroll labelled ADYOPP DEAM.
  2030 | D:3      | 2030 ||| READING scroll labelled WAVA CEIGATUBA.
  2238 | D:4      | Reached XP level 6. HP: 36/36 MP: 8/8
  2245 | D:4      | 2245 ||| DRINKING potion of haste.
  2248 | D:4      | Reached skill level 1 in Armour
  2352 | D:4      | Noticed Edmund
  2375 | D:4      | HP: 5/36 [Edmund/+2 flail of protection (8)]
  2376 | D:4      | 2376 ||| DRINKING potion of heal wounds.
  2382 | D:4      | Killed Edmund
  2670 | D:4      | Noticed an orc warrior
  2687 | D:4      | Killed an orc warrior
  2688 | D:4      | Reached skill level 10 in Ranged Weapons
  2688 | D:4      | Reached XP level 7. HP: 13/40 MP: 9/9
  2792 | D:4      | Found a bloodstained altar of Trog.
  2804 | D:4      | Reached skill level 3 in Dodging
  2818 | D:4      | Found a shimmering blue altar of Sif Muna.
  3105 | D:4      | 3105 ||| UPGRADING to amulet of faith.
  3110 | D:4      | 3110 ||| READING scroll of identify.
  3110 | D:4      | 3110 ||| IDENTIFYING 2 coppery potions
  3111 | D:4      | 3111 ||| DROPPING 2 potions of degeneration.
  3126 | D:5      | Entered Level 5 of the Dungeon
  3291 | D:5      | Reached skill level 11 in Ranged Weapons
  3310 | D:5      | HP: 8/40 [burnt (3)]
  3313 | D:5      | HP: 3/40 [burnt (2)]
  3316 | D:5      | Incinerated by a bombardier beetle

Levels and vault maps discovered:
D:1:      roderic_crop_circles_arrival_small, layout_basic,
          chequers_serial_rivers_micro_c
D:2:      layout_rooms, serial_shops, nicolae_shop_tiny_statue_garden,
          nicolae_shop_window_shopping, serial_glass, glass_columns_a,
          glass_columns_b
D:3:      layout_basic, mainiacjoe_overflow_24_doors, dreamdust_wishing_well
D:4:      layout_basic, nzn_overflow_gifts_of_might_and_magic, uniq_edmund
D:5:      layout_cave_pools, grunt_temple_overflow_order_and_chaos_2,
          minmay_temple_entry_poolview, nicolae_letterblocks
          [nicolae_letter_subblock, nicolae_letter_subblock,
          nicolae_letter_subblock, nicolae_letter_subblock,
          nicolae_letter_subblock, nicolae_letter_subblock,
          nicolae_letter_subblock, nicolae_letter_subblock,
          nicolae_letter_subblock, nicolae_letter_subblock,
          nicolae_letter_subblock, nicolae_letter_subblock,
          nicolae_letter_subblock, nicolae_letter_subblock,
          nicolae_letter_subblock, nicolae_letter_subblock,
          nicolae_letter_subblock, nicolae_letter_subblock,
          nicolae_letter_subblock, nicolae_letter_subblock,
          nicolae_letter_subblock, nicolae_letter_subblock,
          nicolae_letter_subblock, nicolae_letter_subblock,
          nicolae_letter_subblock]

Skill      XL: |  1  2  3  4  5  6  7 |
---------------+----------------------+-----
Ranged Weapons | 6 7 8 9 10 11 | 11.8
Fighting       | 2 |  2.4
Armour         | 1 |  1.7
Dodging        | 3 |  3.3
Stealth        | |  1.2

Action                     |  1- 3 |  4- 6 |  7- 9 || total
---------------------------+-------+-------+-------++-------
   Fire: Shortbow          |    85 |   196 |    61 ||   342
    Use: Scroll            |     3 |     8 |     1 ||    12
         Potion            |     1 |     3 |       ||     4
 Armour: Leather armour    |    20 |    29 |       ||    49
         Ring mail         |       |    28 |    12 ||    40
  Dodge: Dodged            |    13 |    40 |     7 ||    60

Table legend:
 A = Non-vault XP
 B = Vault XP
 C = Vault XP percentage of total XP
 D = Non-vault monster count
 E = Vault monster count
 F = Vault count percentage of total count
                 A         B        C        D         E       F
            +---------+---------+-------+---------+---------+-------
      Total |    1030 |     315 |  23.4 |      88 |       3 |   3.3
            +---------+---------+-------+---------+---------+-------
        D:1 |      43 |       0 |   0.0 |      23 |       0 |   0.0
        D:2 |      94 |       0 |   0.0 |      24 |       0 |   0.0
        D:3 |     168 |       0 |   0.0 |      20 |       0 |   0.0
        D:4 |     234 |     315 |  57.4 |      11 |       3 |  21.4
        D:5 |     491 |       0 |   0.0 |      10 |       0 |   0.0
            +---------+---------+-------+---------+---------+-------
